 Dungeon Crawl Stone Soup version 0.30-a0-424-g7412bad402 (webtiles) character file.

Game seed: 12005204297527902932

92 McMuffin the Chucker (level 4, -4/30 HPs)
             Began as a Demonspawn Wanderer on Dec 9, 2022.
             Slain by Sigmund
             ... wielding a +0 scythe
              (9 damage)
             ... on level 5 of the Dungeon.
             The game lasted 00:13:11 (2012 turns).

McMuffin the Chucker (Demonspawn Wanderer)          Turns: 2012, Time: 00:13:12

Health: -4/30      AC:  4    Str: 10    XL:     4   Next: 35%
Magic:  5/5        EV: 11    Int: 16    God:
Gold:   140        SH:  0    Dex: 14    Spells: 3/5 levels left

rFire   x . .      SeeInvis .    x - +2 dagger (protect)
rCold   + . .      Faith    .    c - +0 buckler
rNeg    + . .      Spirit   .    e - +0 robe
rPois   .          Reflect  .    (helmet restricted)
rElec   .          Harm     .    s - +0 cloak of the Vacuum {Slay+3}
rCorr   .          Rampage  .    o - +0 pair of gloves
Will    .....                    (no boots)
Stlth   +.........               (no amulet)
HPRegen 0.25/turn                m - ring of ice
MPRegen 0.09/turn                t - ring of positive energy

@: confused
A: antennae 1
a: no special abilities


You were on level 5 of the Dungeon.
You visited 1 branch of the dungeon, and saw 4 of its levels.

You collected 140 gold pieces.

Inventory:

Hand Weapons
 a - a +2 dagger
 x - a +2 dagger of protection (weapon)
Missiles
 b - 2 curare-tipped darts (quivered)
Armour
 c - a +0 buckler (worn)
 e - a +0 robe (worn)
 l - a +0 ring mail
 o - a +0 pair of gloves (worn)
 s - the +0 cloak of the Vacuum (worn) {Slay+3}
   (You found it on level 2 of the Dungeon)

   Slay:      It affects your accuracy & damage with ranged weapons and melee
   (+3).
 u - an orb of light
Jewellery
 m - a ring of ice (left hand)
 t - a ring of positive energy (right hand)
Scrolls
 f - 2 scrolls of blinking {unknown}
 i - 3 scrolls of identify {unknown}
 n - a scroll of magic mapping {unknown}
 q - a scroll of torment {unknown}
 r - a scroll of amnesia {unknown}
 v - a scroll of fear {unknown}
Potions
 d - a potion of lignification
 g - a potion of resistance {unknown}
 h - a potion of heal wounds {unknown}
 j - a potion of brilliance {unknown}
 k - a potion of curing {unknown}


   Skills:
 + Level 0.3 Fighting
 + Level 1.8 Short Blades
 + Level 4.1 Throwing
 + Level 1.4 Dodging
 + Level 1.2 Stealth
 + Level 1.1 Shields
 + Level 1.2 Spellcasting
 + Level 0.5 Air Magic
 + Level 2.3 Poison Magic


You had 3 spell levels left.
You knew the following spells:

 Your Spells              Type           Power      Damage    Failure   Level
a - Poisonous Vapours     Pois/Air       10%        N/A       24%         2

Your spell library contained the following spells:

 Spells                   Type           Power      Damage    Failure   Level
 Cigotuvi's Dreadful Rot  Necr/Pois/Air  8%         N/A       30%         2
 Dazzling Flash           Conj/Hex       2%         N/A       65%         3
 Inner Flame              Hex/Fire       1%         N/A       65%         3
 Flame Wave               Conj/Fire      1%         2d4       96%         4
 Iskenderun's Mystic Bla  Conj/Tloc      1%         2d3       96%         4
 Sticky Flame             Conj/Fire      1%         2d3       96%         4
 Starburst                Conj/Fire      0%         6d3       100%        6


Dungeon Overview and Level Annotations

Branches:
Dungeon (3/15)

Altars:

Annotations:
D:5 Sigmund


Innate Abilities, Weirdness & Mutations

You have a pair of small antennae on your head.


Message History

The puff of frost hits you. You resist.
You hit the white imp but do no damage.
The white imp is heavily wounded.
You block the white imp's attack.
You hit the white imp.
The white imp is almost dead.
The white imp gestures at you.
The puff of frost hits you but does no damage.
You resist.
You hit the white imp.
You kill the white imp!
You start resting.
HP restored.
Sigmund the Dreaded comes into view.
He is wielding a +0 scythe.
Sigmund shouts!
Sigmund points at you and mumbles some strange words.
You are confused.
You bump into the rock wall.
Sigmund gestures at you while chanting.
You are more confused.
You're too confused to move!
Sigmund hits you from afar with a +0 scythe!
Sigmund casts a spell at you.
You are more confused.
You're too confused to move!
Sigmund closely misses you.
You bump into the rock wall.
You barely miss Sigmund. Sigmund hits you but does no damage.
You barely miss Sigmund. Sigmund hits you with a +0 scythe.
You bump into the rock wall.
Sigmund closely misses you.
You bump into the rock wall.
Sigmund gestures wildly while chanting.
Sigmund flickers and vanishes!
Deactivating autopickup; reactivate with Ctrl-A.
You miss something. Something hits you but does no damage.
You miss something. Something hits you! Something hits you!
* * * LOW HITPOINT WARNING * * *
Something hits you!
You die...

### ## ..# ... #.# #..
#.# .. #.# ### #.####
#.# ##.##
#....###.###...##
#..#@...........#####
.....#{................
#.....#..##.####.#######
#.#......##.# #.#######
#. ##.....##.# #........
# #.##.####.# #########
#.. .. ..# # .## ### #.


There were no monsters in sight!

Vanquished Creatures
  A jelly (D:5)
  A white imp (D:5)
  A worm (D:2)
  4 dart slugs
  5 orcs (D:3)
  2 ball pythons
  3 endoplasms
  4 hobgoblins
  5 kobolds
  A quokka (D:1)
  4 bats
  2 frilled lizards
  4 goblins
  2 rats
39 creatures vanquished.

Notes
Turn   | Place    | Note
-------+----------+-------------------------------------------
     0 | D:1      | McMuffin the Demonspawn Wanderer began the quest for the
                  | Orb.
     0 | D:1      | McMuffin set off with the following items: a +2 dagger, 2
                  | curare-tipped darts, a +0 buckler, a potion of
                  | lignification, a +0 robe; and the following spells
                  | available to memorise: Poisonous Vapours, Cigotuvi's
                  | Dreadful Rot.
     0 | D:1      | Reached XP level 1. HP: 13/13 MP: 2/2
   357 | D:1      | Gained mutation: You have a pair of small antennae on your
                  | head. [demonic ancestry]
   357 | D:1      | Reached XP level 2. HP: 6/19 MP: 3/3
   436 | D:1      | Learned a level 2 spell: Poisonous Vapours
   558 | D:1      | Reached skill level 4 in Throwing
  1082 | D:2      | Reached skill level 1 in Short Blades
  1094 | D:2      | Reached XP level 3. HP: 24/24 MP: 0/4
  1099 | D:2      | Identified the +0 cloak of the Vacuum {Slay+3}
  1141 | D:2      | Found a faded altar of an unknown god.
  1793 | D:3      | You fall into a shaft and drop 2 floors!
  1793 | D:5      | Entered Level 5 of the Dungeon
  1858 | D:5      | Reached XP level 4. HP: 22/30 MP: 5/5
  1992 | D:5      | Noticed Sigmund
  2012 | D:5      | Slain by Sigmund

Illustrated notes

Levels and vault maps discovered:
D:1:      noname_arrival_rooms_in_the_neighbourhood, layout_basic,
          serial_co_window_serial, co_window_paths_a, co_window_paths_a,
          co_window_corner_a, co_window_paths_a, co_window_paths_a,
          co_window_paths_a, co_window_paths_a, co_window_of_opportunity_a,
          co_window_of_opportunity_a, co_window_paths_c, co_window_broadway_a,
          co_window_corner_b, co_window_broadway_a, co_window_corner_b,
          glass_columns_b, glass_columns_a, minmay_misc_feat_diagonals
D:2:      layout_rooms, shapermc_ecumenical_altar_venn
D:3:      minmay_angry_zag, layout_basic, minmay_crystal_room
D:5:      layout_loops_ring, grunt_temple_overflow_opulence, minmay_holes,
          minmay_misc_feat_columns, uniq_sigmund, uniq_pikel, uniq_eustachio

Skill      XL: |  1  2 |
---------------+-------+-----
Throwing       | 4 |  4.1
Short Blades   | 1 |  1.8
Fighting       | |  0.3
Dodging        | |  1.4
Stealth        | |  1.2
Shields        | |  1.1
Spellcasting   | |  1.2
Air Magic      | |  0.5
Poison Magic   | |  2.3

Action                   |  1- 3 |  4- 6 || total
-------------------------+-------+-------++-------
Melee: Dagger            |   111 |    10 ||   121
 Cast: Poisonous Vapours |    14 |       ||    14
Armor: Robe              |    20 |     3 ||    23
Dodge: Dodged            |    53 |     4 ||    57
Block: Buckler           |    18 |     1 ||    19

Table legend: (Time is in decaauts)
 A = Elapsed time spent in this place.
 B = Non-inter-level travel time spent in this place.
 C = Inter-level travel time spent in this place.
 D = Time resting spent in this place.
 E = Time spent auto-exploring this place.
 F = Levels seen in this place.
 G = Mean time per level.
                   A        B        C        D        E       F      G
               +--------+--------+--------+--------+--------+-----+--------+
         Total |   2008 |   2008 |      0 |     76 |      0 |   4 |  502.0 |
       Dungeon |   2008 |   2008 |      0 |     76 |      0 |   4 |  502.0 |
               +--------+--------+--------+--------+--------+-----+--------+

Top non-repeatable levels by time:
     D:1: 886 daAuts
     D:2: 620 daAuts
     D:3: 283 daAuts
     D:5: 218 daAuts
